 Dungeon Crawl Stone Soup version 0.28-a0-1510-gd0f6b136d3 (webtiles) character file.

Game seed: 18263534098379109369

66468 a3don the Summoner (level 15, -1/79 HPs)
             Began as a Vine Stalker Summoner on Jan 14, 2022.
             Was a High Priest of Vehumet.
             Killed by divine providence
             ... invoked by a meliai
              (14 damage)
             ... on level 13 of the Dungeon on Jan 16, 2022.
             The game lasted 03:18:36 (30692 turns).

a3don the Summoner (Vine Stalker Summoner)         Turns: 30692, Time: 03:18:37

Health: -1/79      AC: 11    Str: 10    XL:     15   Next: 19%
Magic:  0/30       EV: 19    Int: 21    God:    Vehumet [*****.]
Gold:   762        SH:  0    Dex: 17    Spells: 2/35 levels left

rFire   + . .      SeeInvis .   a - +4 spear (freeze)
rCold   . . .      Faith    .   (no shield)
rNeg    + + .      Spirit   +   P - +2 robe {Archmagi}
rPois   .          Reflect  .   W - +0 hat "Doriyrabo" {rN++}
rElec   .          Harm     .   T - +2 cloak
rCorr   .          Rampage  .   F - +2 pair of gloves
Will    +....      Archmagi +   G - +0 pair of boots of Howling Wind {Stlth+}
Stlth   ++++......              (no amulet)
HPRegen 1.03/turn               h - +4 ring of evasion
MPRegen 0.22/turn               N - ring of protection from fire

@: no status effects
A: fangs 3, regeneration 1, magic shield, antimagic bite, no potion heal 2
a: Renounce Religion


You were on level 13 of the Dungeon.
You worshipped Vehumet.
Vehumet was extremely pleased with you.
You visited 5 branches of the dungeon, and saw 23 of its levels.

You collected 1484 gold pieces.
You spent 722 gold pieces at shops.

Inventory:

Hand Weapons
 a - a +4 spear of freezing (weapon)
 b - a +0 hunting sling
 c - a +2 spectral quarterstaff
 p - the +3 halberd of Palyufa {freeze, rElec Dex+6}
   (You bought it in a shop on level 2 of the Dungeon)

   It freezes those it strikes, dealing additional cold damage.
   It can also slow down cold-blooded creatures.
   Dex:       It affects your dexterity (+6).
   rElec:     It insulates you from electricity.
 K - a +2 vampiric spear
 O - a +2 short sword of holy wrath
 Q - a +2 war axe of flaming
Missiles
 i - 107 sling bullets
 n - 643 stones
 u - 5 curare-tipped darts
 v - a boomerang of dispersal
 x - 9 throwing nets
 z - 28 poisoned darts (quivered)
Armour
 F - a +2 pair of gloves (worn)
 G - the +0 pair of boots of Howling Wind (worn) {Stlth+}
   (You found it on level 5 of the Dungeon)

   Stlth:     It makes you more stealthy.
 P - a +2 robe of the Archmagi (worn)
 R - a +2 robe of fire resistance
 T - a +2 cloak (worn)
 W - the +0 hat "Doriyrabo" (worn) {rN++}
   (You found it on level 4 of the Lair of Beasts)

   rN:        It greatly protects you from negative energy.
Magical Staves
 D - a staff of fire
Jewellery
 h - a +4 ring of evasion (left hand)
 y - a ring of flight
 E - a ring of positive energy
 H - a ring of willpower
 N - a ring of protection from fire (right hand)
 V - a ring of see invisible
Wands
 d - a wand of digging (9)
 q - a wand of paralysis (3)
 s - a wand of iceblast (15)
 w - a wand of polymorph (7)
 A - a wand of flame (50)
Scrolls
 f - 3 scrolls of fog
 j - 2 scrolls of torment
 o - 7 scrolls of teleportation
 r - 2 scrolls of immolation {unknown}
 t - a scroll of blinking {unknown}
 B - 3 scrolls of fear
 C - a scroll of silence {unknown}
 J - a scroll of enchant weapon
 M - a scroll of holy word
Potions
 e - a potion of cancellation
 g - 3 potions of invisibility
 k - 8 potions of curing
 l - 2 potions of might
 m - 5 potions of resistance
 I - 2 potions of lignification
 S - a potion of experience {unknown}
 U - 2 potions of ambrosia
Miscellaneous
 L - a piece from Xom's chessboard (15/15)
 Z - a tin of tremorstones (1/2)


   Skills:
 + Level 9.5 Fighting
 + Level 3.5 Polearms
 + Level 6.2 Dodging
 - Level 3.7 Stealth
 + Level 10.7 Spellcasting
 * Level 4.0 Conjurations
 - Level 8.0 Hexes
 + Level 14.8 Summonings
 * Level 3.9 Fire Magic
 - Level 10.0 Ice Magic
 - Level 4.8 Air Magic
 + Level 2.5 Evocations


You had 2 spell levels left.
You knew the following spells:

 Your Spells              Type           Power      Damage    Failure   Level
a - Summon Small Mammal   Summ           100%       N/A       0%          1
b - Call Imp              Summ           84%        N/A       1%          2
c - Call Canine Familiar  Summ           84%        N/A       1%          3
d - Summon Lightning Spi  Summ/Air       68%        N/A       1%          4
e - Summon Ice Beast      Ice/Summ       76%        N/A       1%          4
f - Shock                 Conj/Air       100%       1d9       1%          1
g - Summon Mana Viper     Hex/Summ       73%        N/A       1%          5
h - Monstrous Menagerie   Summ           42%        N/A       12%         7
i - Iron Shot             Conj/Erth      14%        9d4       67%         6

Your spell library contained the following spells:

 Spells                   Type           Power      Damage    Failure   Level
 Pain                     Necr           64%        1d7       6%          1
 Conjure Flame            Conj/Fire      42%        6-21      1%          3
 Summon Guardian Golem    Hex/Summ       73%        N/A       1%          3
 Ignite Poison            Fire/Tmut/Pois 25%        N/A       3%          3
 Sticky Flame             Conj/Fire      42%        2d6       3%          4
 Silence                  Hex/Air        27%        N/A       12%         5
 Gell's Gravitas          Tloc           16%        N/A       19%         3
 Teleport Other           Tloc           16%        N/A       19%         3
 Animate Dead             Necr           8%         N/A       52%         4
 Passage of Golubria      Tloc           16%        N/A       52%         4
 Agony                    Necr           16%        N/A       86%         5
 Excruciating Wounds      Necr           8%         N/A       86%         5
 Haunt                    Necr/Summ      29%        N/A       94%         7
 Dispersal                Tloc           8%         N/A       100%        6
 Infestation              Necr           8%         N/A       100%        8
 Lehudib's Crystal Spear  Conj/Erth      14%        10d5      100%        8


Dungeon Overview and Level Annotations

Branches:
Dungeon (13/15)            Temple (1/1) D:4            Lair (6/6) D:11
 Shoals (1/4) Lair:4        Snake (0/4) Lair:3        Slime (0/5) Lair:6
    Orc (2/2) D:11            Elf (0/3) Orc:2
 Vaults: D:13-14

Altars:
Ashenzari
Cheibriados
Dithmenos
Elyvilon
Fedhas
Gozag
Hepliaklqana
Kikubaaqudgha
Makhleb
Nemelex Xobeh
Okawaru
Qazlal
Ru
Sif Muna
Trog
Uskayaw
Vehumet
Wu Jian
Xom
Yredelemnul
Zin
The Shining One

Shops:
D:2 *   D:11 [   D:12 *

Annotations:
D:13 Azreal
Lair:4 1 runed translucent door, siradein's ghost, journeyman DjIE
Shoals:1 2 runed translucent doors


Innate Abilities, Weirdness & Mutations

You have razor-sharp teeth.
Your natural rate of healing is unusually fast.
When hurt, damage is shared between your health and your magic reserves.
Your bite disrupts and absorbs the magic of your enemies.
Potions cannot restore your health.


Message History

The meliai is healed somewhat.
The meliai hits your mana viper with a +0 hand axe!
Your mana viper dies!
Your mana viper disappears in a puff of smoke!
Your warg barely misses the meliai.
Something misses your warg. Something stings your warg!
You could not reach far enough!
The meliai calls down the wrath of its god upon you.
Something smites you!
Your warg closely misses the meliai.
The meliai closely misses your warg. The meliai stings your warg!
Your warg dies!
Your warg's corpse disappears in a puff of smoke!
Okay, then.
Press: ? - help, v - describe, . - travel
Here: a meliai, wielding a +0 war axe and wearing a +0 robe (almost dead)
The floor.
The tremorstone explodes into fragments!
The burst of rock shards engulfs you.
Aiming: Throw Flame
Press: ? - help, Shift-Dir - straight line, f/p - meliai
Aim: a meliai, wielding a +0 war axe and wearing a +0 robe (almost dead, 57% to hit)
The puff of flame misses the meliai.
The meliai closely misses you. The meliai misses you.
The meliai mumbles some strange prayers to its god against you.
Something smites you!
* * * LOW HITPOINT WARNING * * *
The meliai closely misses you. The meliai misses you.
The meliai calls down the wrath of its god upon you.
Something smites you!
* * * LOW HITPOINT WARNING * * *
Okay, then.
Press: ? - help, v - describe, . - travel
Here: a meliai, wielding a +0 war axe and wearing a +0 robe (almost dead)
The floor.
As you read the scroll of fear, it crumbles to dust.
You assume a fearsome visage.
The meliai looks frightened! x2
Cornered, the meliai turns to fight!
The meliai calls down the wrath of its god upon you.
Something smites you!
You die...

##### #.# ......####
#.# ......)..# #.#
......##.###.# ...y.
#...y.### ....
#####.#.# ...
#.#y##### ..
#.......# # #####@###
#.#### #....#
##########)##
#.....#.....#
#.###.#####.#
#...#.#..}..#
#######.#.#####
#######.....#.#.#...#


You could see a meliai.

Vanquished Creatures
  2 catoblepae
  A two-headed ogre (D:5)
  A harpy (Shoals:1)
  A manticore (D:13)
  A water nymph (Shoals:1)
  2 cane toads
  A blink frog (Lair:4)
  A hornet (Lair:6)
  8 yaks
  A wyvern (shapeshifter) (D:10)
  2 vampire mosquitoes (D:12)
  2 water moccasins
  4 hell hounds
  A centaur (Lair:4)
  9 wolves
  A phantom (D:4)
  2 bullfrogs
  A nameless horror (D:13)
  3 crimson imps (D:12)
  4 centaur zombies
  An iguana (D:3)
  3 orc wizards
  3 gnolls
  2 shadow imps
  8 orcs
  2 bats
  2 giant cockroaches
  3 goblins
  4 hobgoblins
  A jackal (D:1)
  2 quokkas (D:5)
  3 ball pythons
  A frilled lizard (D:1)
  3 kobolds
  4 rats
90 creatures vanquished.

Vanquished Creatures (collateral kills)
  Jorgrun (D:12)
  Azrael (D:13)
  A boulder beetle (Lair:2)
  7 hydras
  Harold (D:10)
  A catoblepas (Lair:3)
  5 two-headed ogres
  A death yak (Lair:6)
  Sonja (Lair:3)
  A fire crab (Lair:6)
  A sea snake (Shoals:1)
  7 harpies
  2 deep elf pyromancers
  2 oklob plants (Lair:6)
  A manticore (D:12)
  3 fauns (Shoals:1)
  A cyclops (D:11)
  3 centaur zombies (D:11)
  7 elephants
  3 black mambas
  2 merfolk sirens (Shoals:1)
  A gargoyle (D:13)
  An unseen horror (D:12)
  A rime drake (Lair:6)
  7 komodo dragons
  2 cane toads
  A kobold demonologist (D:9)
  4 merfolk (Shoals:1)
  A troll (shapeshifter) (D:12)
  A meliai (D:13)
  4 polar bears
  7 hornets
  4 trolls
  6 slime creatures (D:12)
  7 blink frogs
  2 dream sheep (Lair:6)
  Grinder (D:4)
  A wind drake (Shoals:1)
  A snapping turtle (Shoals:1)
  14 spriggans
  Sigmund (D:4)
  69 yaks
  A vampire (D:12)
  2 wraiths
  A wyvern (D:7)
  3 steam dragons
  2 basilisks
  2 fire elementals
  3 wargs
  A naga (Lair:3)
  6 vampire mosquitoes
  2 acid dragons (D:10)
  9 water moccasins
  2 hell hounds (D:13)
  3 black bears
  7 orc warriors
  2 ice beasts
  7 ogres
  3 boggarts (Lair:6)
  5 centaurs
  24 wolves
  A phantom (D:7)
  3 nameless horrors
  2 kobold brigands
  4 bullfrogs
  2 gnoll sergeants
  A water moccasin zombie (D:6)
  3 wights
  3 electric eels (Lair:1)
  3 howler monkeys
  2 bullfrog zombies
  A crimson imp (D:12)
  Crazy Yiuf (D:3)
  A gnoll shaman (D:6)
  3 hounds
  A bullfrog skeleton (D:5)
  10 orc priests
  A jelly (D:4)
  3 iguanas
  6 orc wizards
  2 killer bee zombies
  A howler monkey zombie (D:10)
  8 gnolls
  A howler monkey skeleton (D:6)
  8 adders
  3 shadow imps
  13 white imps
  3 worms (D:2)
  A dart slug (D:3)
  26 orcs
  6 ball pythons
  5 endoplasms
  2 giant cockroaches (D:3)
  4 goblins
  5 hobgoblins
  3 jackals
  19 kobolds
  2 quokkas (D:2)
  5 bats
  A frilled lizard (D:3)
  A goblin zombie (D:8)
  6 rats
  A rat zombie (D:8)
450 creatures vanquished.

Vanquished Creatures (others)
  A wolf (Lair:4)
  47 fungi
  81 plants
  4 toadstools (D:1)
133 creatures vanquished.

Grand Total: 673 creatures vanquished

Notes
Turn   | Place    | Note
-------+----------+-------------------------------------------
     0 | D:1      | a3don the Vine Stalker Summoner began the quest for the
                  | Orb.
     0 | D:1      | Reached XP level 1. HP: 9/9 MP: 4/4
   542 | D:1      | Reached XP level 2. HP: 11/13 MP: 3/6
   545 | D:1      | Learned a level 2 spell: Call Imp
  1347 | D:2      | Reached XP level 3. HP: 16/16 MP: 4/7
  1351 | D:2      | Learned a level 3 spell: Call Canine Familiar
  1474 | D:2      | Found Niqutus's Assorted Antiques.
  1540 | D:2      | Bought 2 scrolls labelled HUSUMA EHIA for 34 gold pieces
  1758 | D:2      | Found a faded altar of an unknown god.
  1935 | D:2      | Gained mutation: Your natural rate of healing is unusually
                  | fast. [Vine Stalker growth]
  1935 | D:2      | Reached XP level 4. HP: 21/21 MP: 3/9
  2078 | D:2      | Found an ornate altar of the Wu Jian Council.
  3014 | D:3      | Reached skill level 1 in Fighting
  3081 | D:3      | Found a runed translucent door.
  3082 | D:3      | Noticed Crazy Yiuf
  3113 | D:3      | Reached XP level 5. HP: 22/25 MP: 3/10
  4083 | D:3      | Killed Crazy Yiuf
  4195 | D:4      | Noticed Sigmund
  4221 | D:4      | Killed Sigmund
  4222 | D:4      | Reached skill level 5 in Summonings
  4222 | D:4      | Reached XP level 6. HP: 30/30 MP: 9/12
  4332 | D:4      | Reached XP level 7. HP: 35/35 MP: 13/13
  4370 | D:4      | Learned a level 4 spell: Summon Lightning Spire
  4435 | D:4      | Reached skill level 1 in Air Magic
  4666 | D:4      | Found a staircase to the Ecumenical Temple.
  4713 | Temple   | Entered the Ecumenical Temple
  4827 | Temple   | Became a worshipper of Vehumet
  4866 | D:4      | Noticed Grinder
  4904 | D:4      | Paralysed by Grinder for 6 turns
  4931 | D:4      | Killed Grinder
  4932 | D:4      | Reached skill level 6 in Summonings
  4932 | D:4      | Gained mutation: You have razor-sharp teeth. [Vine Stalker
                  | growth]
  4932 | D:4      | Reached XP level 8. HP: 32/39 MP: 0/15
  5076 | D:5      | Entered Level 5 of the Dungeon
  5934 | D:5      | Learned a level 4 spell: Summon Ice Beast
  5958 | D:5      | Noticed a two-headed ogre
  6251 | D:5      | Identified the +0 pair of boots of Howling Wind {Stlth+}
  6266 | D:5      | Reached skill level 1 in Ice Magic
  6521 | D:5      | Killed a two-headed ogre
  6522 | D:5      | Reached skill level 5 in Spellcasting
  6522 | D:5      | Reached skill level 7 in Summonings
  6522 | D:5      | Reached XP level 9. HP: 40/45 MP: 1/17
  6752 | D:5      | Reached * piety under Vehumet
  6752 | D:5      | Offered knowledge of Shock by Vehumet.
  6763 | D:5      | Learned a level 1 spell: Shock
  8660 | D:6      | Found a shimmering altar of Xom.
  9063 | D:7      | Reached skill level 8 in Summonings
  9181 | D:7      | Noticed a hornet
  9188 | D:7      | Killed a hornet
  9764 | D:7      | Reached XP level 10. HP: 46/51 MP: 7/19
  9780 | D:7      | Reached skill level 5 in Ice Magic
  9842 | D:7      | Learned a level 5 spell: Summon Mana Viper
 10278 | D:7      | Offered knowledge of Poisonous Vapours by Vehumet.
 10279 | D:7      | Reached skill level 1 in Hexes
 10551 | D:8      | Reached ** piety under Vehumet
 10915 | D:8      | Reached skill level 5 in Dodging
 11492 | D:9      | Noticed a kobold demonologist
 11504 | D:9      | Killed a kobold demonologist
 11505 | D:9      | Reached skill level 9 in Summonings
 11700 | D:9      | Reached skill level 5 in Fighting
 11705 | D:9      | Reached skill level 1 in Polearms
 11709 | D:9      | Offered knowledge of Inner Flame by Vehumet.
 11840 | D:9      | Noticed a five-headed hydra
 11841 | D:9      | Noticed a brown ugly thing
 11842 | D:9      | Noticed a centaur warrior
 12173 | D:9      | Found an opulent altar of Gozag.
 12173 | D:9      | Found a broken altar of Ashenzari.
 12173 | D:9      | Found a basalt altar of Yredelemnul.
 12173 | D:9      | Found a blossoming altar of Fedhas.
 12175 | D:9      | Found a bloodstained altar of Trog.
 12178 | D:9      | Found a shadowy altar of Dithmenos.
 12278 | D:10     | Entered Level 10 of the Dungeon
 12416 | D:9      | Paralysed by a hornet for 3 turns
 12638 | D:10     | Reached XP level 11. HP: 47/56 MP: 17/21
 12765 | D:10     | Reached *** piety under Vehumet
 13345 | D:10     | Noticed Harold
 13358 | D:10     | Killed Harold
 13427 | D:10     | Found a hide-covered altar of Uskayaw.
 13463 | D:10     | Reached skill level 5 in Hexes
 13595 | D:10     | Offered knowledge of Ignite Poison by Vehumet.
 13928 | D:11     | Reached skill level 10 in Summonings
 14030 | D:11     | Noticed a cyclops
 14051 | D:11     | Killed a cyclops
 14288 | D:11     | Found a staircase to the Lair.
 14581 | D:11     | Found a staircase to the Orcish Mines.
 14891 | D:11     | Found Rostam's Dragon-Slaying Spoils.
 15230 | Lair:1   | Entered Level 1 of the Lair of Beasts
 15361 | Lair:1   | Reached **** piety under Vehumet
 15362 | Lair:1   | Reached XP level 12. HP: 61/61 MP: 12/24
 15850 | Lair:1   | Offered knowledge of Fulminant Prism by Vehumet.
 16074 | Lair:1   | Reached skill level 11 in Summonings
 17050 | Lair:2   | Noticed a boulder beetle
 17089 | Lair:2   | Killed a boulder beetle
 17390 | Lair:3   | Noticed a four-headed hydra
 17397 | Lair:3   | Killed a four-headed hydra
 17410 | Lair:3   | Noticed a catoblepas
 17445 | Lair:3   | Killed a catoblepas
 17688 | Lair:3   | Noticed a four-headed hydra
 17695 | Lair:3   | Killed a four-headed hydra
 17843 | Lair:3   | Noticed Sonja
 17872 | Lair:3   | Killed Sonja
 18423 | Lair:3   | Found a staircase to the Snake Pit.
 18742 | Lair:4   | Reached skill level 12 in Summonings
 18753 | Lair:4   | Reached XP level 13. HP: 49/67 MP: 5/26
 19746 | Lair:4   | Reached ***** piety under Vehumet
 19974 | Lair:4   | Identified the +0 hat "Doriyrabo" {rN++}
 20234 | Lair:4   | Found a runed translucent door.
 20257 | Lair:4   | Identified the +5 spear "Newt's Foe" {vorpal, rElec Stlth+}
 20261 | Lair:4   | Noticed siradein's ghost (journeyman DjIE)
 20547 | Lair:4   | Found a staircase to the Shoals.
 21508 | Lair:5   | Reached skill level 13 in Summonings
 21740 | Lair:5   | Offered knowledge of Flame Wave by Vehumet.
 22001 | Lair:5   | Learned a level 7 spell: Monstrous Menagerie
 22479 | Lair:6   | Entered Level 6 of the Lair of Beasts
 23200 | Lair:6   | Reached XP level 14. HP: 74/74 MP: 11/28
 24201 | Lair:6   | Reached skill level 10 in Spellcasting
 24434 | Lair:6   | Reached skill level 14 in Summonings
 24778 | Lair:6   | Found a staircase to the Slime Pits.
 26132 | Orc:1    | Entered Level 1 of the Orcish Mines
 26546 | D:2      | Bought a steaming halberd for 153 gold pieces
 26546 | D:2      | Identified the +3 halberd of Palyufa {freeze, rElec Dex+6}
                  | (You bought it in a shop on level 2 of the Dungeon)
 26546 | D:2      | Bought a scroll of identify for 34 gold pieces
 26546 | D:2      | Bought a scroll of identify for 34 gold pieces
 26546 | D:2      | Bought a scroll of teleportation for 51 gold pieces
 26806 | Orc:2    | Entered Level 2 of the Orcish Mines
 27014 | Orc:2    | Found a staircase to the Elven Halls.
 27312 | Orc:2    | Noticed an orc warlord
 27514 | Shoals:1 | Entered Level 1 of the Shoals
 27544 | Shoals:1 | Reached skill level 10 in Ice Magic
 28036 | Shoals:1 | Reached skill level 1 in Evocations
 28040 | Shoals:1 | Reached skill level 1 in Conjurations
 28040 | Shoals:1 | Reached skill level 1 in Fire Magic
 28629 | Shoals:1 | Found a runed translucent gate.
 28630 | Shoals:1 | Found a runed translucent gate.
 29039 | D:12     | Found Keigu's Assorted Antiques.
 29047 | D:12     | Bought a tourmaline ring for 130 gold pieces
 29047 | D:12     | Bought an ivory ring for 130 gold pieces
 29047 | D:12     | Bought a scroll of identify for 52 gold pieces
 29074 | D:12     | Bought an ivory wand for 104 gold pieces
 29132 | D:12     | Reached XP level 15. HP: 54/79 MP: 8/30
 29162 | D:12     | Noticed Jorgrun
 29189 | D:12     | Killed Jorgrun
 29645 | D:12     | Found a shimmering altar of Xom.
 29886 | D:13     | Noticed Azrael
 30200 | D:13     | Found a frozen archway.
 30306 | D:13     | Killed Azrael
 30306 | D:13     | Offered knowledge of Iron Shot by Vehumet.
 30314 | D:13     | Learned a level 6 spell: Iron Shot
 30692 | D:13     | Killed from afar by a meliai

Illustrated notes

Levels and vault maps discovered:
D:1:      ldierk_walled_garden_2, layout_basic
D:2:      layout_basic, basic_altar, serial_shops, shop, basic_ecumenical_altar,
          minivault_5, st_stairs_7, grunt_decor_mini_mirrors
D:3:      minmay_bubble_buster, layout_loops_ring, item_on_display_a,
          uniq_crazy_yiuf_cottage
D:4:      layout_rooms, temple_fountains, uniq_sigmund, uniq_grinder
D:5:      layout_basic
D:6:      layout_basic, xom_butterflies
D:7:      layout_basic
D:8:      layout_rooms, enter_ossuary_4, lightli_orcish_oven
D:9:      layout_loops_cross, minitemple, onia_ninara_dug_in_and_dangerous
D:10:     layout_loops_cross, nicolae_overflow_hidden_temple, uniq_harold
D:11:     nicolae_BIG_FREAKIN_CUBE, layout_loops_ring, lair_entry_dummy,
          david_orc_3, nicolae_shop_dragon_depot
D:12:     layout_loops_ring, serial_shops, shop, led_xom_imps, uniq_jorgrun
D:13:     layout_roguey, grunt_vaults_entry_tiered, portal_ice_cave_entry_imps,
          uniq_azrael
Temple:   nicolae_temple_great_sept
Lair:1:   layout_concentric_octagons, serial_bayou, serial_bayou_ford_a,
          serial_bayou_lake_a, serial_bayou_shore_b, serial_bayou_pond_c,
          serial_bayou_pond_e, enter_volcano_4
Lair:2:   layout_gridlike, nzn_sisyphean_effort
Lair:3:   layout_regular_city, guppyfry_snake_entry_garden,
          infiniplex_staircase_pool_2, uniq_sonja
Lair:4:   layout_cave_pods, minmay_shoals_entry_centaurs,
          ebering_ghost_funeral_grove
Lair:5:   layout_regular_city, chequers_serial_rivers_micro_d
Lair:6:   minmay_lair_end_enchanted_forest, layout_regular_city,
          minmay_slime_entry_oklob_enclosed, nicolae_lair_yak_garden
Shoals:1: layout_shoals, gammafunk_ghost_necromancy
Orc:1:    layout_diamond_mine, serial_shops, nicolae_shop_hallway_plus
Orc:2:    st_orc_open, layout_diamond_mine, basic_altar, mines1_david

Skill      XL: |  1  2  3  4  5  6  7  8  9 10 11 12 13 14 15 |
---------------+----------------------------------------------+-----
Stealth        | 3 |  3.7
Dodging        | 2 3 4 5 6 |  6.2
Spellcasting   | 3 4 5 6 7 8 9 10 | 10.7
Fighting       | 1 2 3 4 5 6 7 8 9 |  9.5
Summonings     | 5 6 7 8 9 10 12 13 14 | 14.8
Air Magic      | 2 3 4 |  4.8
Ice Magic      | 2 4 5 6 8 9 10 | 10.0
Hexes          | 4 6 8 |  8.0
Polearms       | 1 2 3 |  3.5
Evocations     | 2 |  2.5
Conjurations   | 3 4 |  4.0
Fire Magic     | 3 |  3.9

Action                   |  1- 3 |  4- 6 |  7- 9 | 10-12 | 13-15 || total
-------------------------+-------+-------+-------+-------+-------++-------
Melee: Dagger            |    22 |    25 |    25 |       |       ||    72
       Bite              |     7 |    11 |    26 |    39 |    63 ||   146
       Unarmed           |     3 |       |       |       |       ||     3
       Punch             |     1 |     1 |     1 |     3 |     4 ||    10
       Short sword       |    17 |       |       |       |       ||    17
       Hand axe          |       |       |    27 |       |       ||    27
       Spear             |       |       |    25 |   190 |   171 ||   386
       Hunting sling     |       |       |       |     1 |       ||     1
       Halberd           |       |       |       |       |    42 ||    42
 Fire: Hunting sling     |       |       |    19 |    36 |       ||    55
Throw: Stone             |       |     1 |     1 |       |       ||     2
       Dart              |       |       |       |       |     2 ||     2
 Cast: Summon Small Mamm |    18 |     3 |       |       |       ||    21
       Call Imp          |    13 |    14 |    15 |     1 |       ||    43
       Call Canine Famil |     6 |    23 |    42 |    42 |    61 ||   174
       Summon Lightning  |       |       |     8 |     3 |     5 ||    16
       Summon Ice Beast  |       |       |    25 |    77 |    89 ||   191
       Shock             |       |       |     2 |       |     1 ||     3
       Summon Mana Viper |       |       |       |    31 |   110 ||   141
       Monstrous Menager |       |       |       |       |    11 ||    11
Evoke: Wand              |       |       |     4 |       |     9 ||    13
       Tin of tremorston |       |       |       |       |     1 ||     1
  Use: Scroll            |       |     4 |     1 |    10 |    11 ||    26
       Potion            |       |       |       |       |     1 ||     1
 Stab: Sleeping          |     1 |       |       |     2 |       ||     3
       Distracted        |       |     1 |       |     4 |     5 ||    10
Armor: Robe              |    15 |     9 |    16 |    21 |    82 ||   143
       Steam dragon scal |       |       |       |     8 |       ||     8
Dodge: Dodged            |    49 |    26 |   106 |   140 |   267 ||   588

Table legend: (Time is in decaauts)
 A = Elapsed time spent in this place.
 B = Non-inter-level travel time spent in this place.
 C = Inter-level travel time spent in this place.
 D = Time resting spent in this place.
 E = Time spent auto-exploring this place.
 F = Levels seen in this place.
 G = Mean time per level.
                   A        B        C        D        E       F      G
               +--------+--------+--------+--------+--------+-----+--------+
         Total |  30793 |  29224 |   1569 |  10240 |  12201 |  23 | 1338.8 |
       Dungeon |  17496 |  16464 |   1032 |   5263 |   7471 |  13 | 1345.8 |
        Temple |    124 |    114 |     10 |      0 |      0 |   1 |  124.0 |
          Lair |  11588 |  11086 |    502 |   4205 |   4512 |   6 | 1931.3 |
        Shoals |    720 |    720 |      0 |    385 |     10 |   1 |  720.0 |
  Orcish Mines |    863 |    839 |     24 |    387 |    207 |   2 |  431.5 |
               +--------+--------+--------+--------+--------+-----+--------+

Top non-repeatable levels by time:
  Lair:6: 3110 daAuts
  Lair:4: 2829 daAuts
     D:5: 2670 daAuts
  Lair:5: 1823 daAuts
     D:9: 1689 daAuts
     D:3: 1687 daAuts
  Lair:3: 1581 daAuts
     D:7: 1535 daAuts
    D:11: 1445 daAuts
     D:1: 1336 daAuts
  Lair:1: 1269 daAuts
     D:2: 1252 daAuts
    D:12: 1230 daAuts
    D:10: 1218 daAuts
     D:6: 1212 daAuts
